 Dungeon Crawl Stone Soup version 0.19.1 (webtiles) character file.

283 dvd the Stinger (level 6, -5/37 HPs)
             Began as an Octopode Venom Mage on Dec 6, 2016.
             Was a Believer of Vehumet.
             Killed by nerve-wracking pain
             ... invoked by Grinder
              (14 damage)
             ... while paralysed by Grinder
             ... on level 3 of the Dungeon.
             The game lasted 00:13:11 (3751 turns).

dvd the Stinger (Octopode Venom Mage)               Turns: 3751, Time: 00:13:12

Health: -5/37      AC:  1    Str:  7    XL:     6   Next: 28%
Magic:  5/11       EV:  2    Int: 20    God:    Vehumet [**....]
Gold:   85         SH:  0    Dex: 12    Spells: 4 memorised, 4 levels left

rFire  . . .     SeeInvis .     w - 122 stones
rCold  . . .     Gourm    .     (no shield)
rNeg   . . .     Faith    .     (helmet restricted)
rPois  .         Spirit   .     (no amulet)
rElec  .         Reflect  .     (no ring)
rCorr  .         Harm     .     (no ring)
MR     .....                    (no ring)
Stlth  ++++......               (no ring)
                                (no ring)
                                (no ring)
                                (no ring)
                                (no ring)

@: paralysed, very slightly contaminated
A: almost no armour, stealthy swim, amphibious, 8 rings, constrict 8, camouflage
1, gelatinous body 1
a: Renounce Religion


You were on level 3 of the Dungeon.
You worshipped Vehumet.
Vehumet was pleased with you.
You were not hungry.

You visited 1 branch of the dungeon, and saw 3 of its levels.

You collected 85 gold pieces.

Inventory:

Hand Weapons
 f - a +2 dagger of freezing
 g - a +1 spear
 m - a +0 hand axe
 s - a +0 long sword
Missiles
 h - 5 tomahawks (quivered)
 w - 122 stones (in tentacle)
Wands
 q - a wand of digging (10/24)
Scrolls
 i - 2 scrolls of teleportation
 k - 4 scrolls of identify
 o - a scroll of recharging {unknown}
 u - 2 scrolls of enchant armour
 v - a scroll of random uselessness {unknown}
 x - a scroll of amnesia
Potions
 e - a potion of might {unknown}
 j - 2 potions of berserk rage {unknown}
 n - a potion of brilliance {unknown}
 r - 3 potions of mutation {unknown}
 t - a potion of beneficial mutation {unknown}
 z - a potion of lignification {unknown}
Books
 a - a Young Poisoner's Handbook

   Spells                             Type                      Level
   a - Sting                          Conjuration/Poison           1
   b - Mephitic Cloud                 Conjuration/Poison/Air       3
   c - Olgreb's Toxic Radiance        Poison                       4
   d - Alistair's Intoxication        Transmutation/Poison         5
   e - Venom Bolt                     Conjuration/Poison           5
Comestibles
 b - 2 bread rations
 c - a slice of pizza
 d - 4 chunks of flesh
 l - a fruit
 p - 4 meat rations


   Skills:
 + Level 0.4 Fighting
 + Level 1.0 Polearms
 + Level 2.4 Dodging
 + Level 4.5 Stealth
 + Level 3.3 Spellcasting
 + Level 1.8 Conjurations
 + Level 6.4 Poison Magic


You had 4 spell levels left.
You knew the following spells:

 Your Spells              Type           Power        Failure   Level  Hunger
a - Sting                 Conj/Pois      ###.         2%          1    None
b - Olgreb's Toxic Radia  Pois           ####....     12%         4    ####...
c - Sandblast             Erth           #.....       17%         1    None
d - Flame Tongue          Conj/Fire      #....        12%         1    None


Dungeon Overview and Level Annotations

Branches:
Dungeon (3/15)

Altars:
Nemelex Xobeh
Trog
Vehumet

Annotations:
D:3 Grinder


Innate Abilities, Weirdness & Mutations

You cannot wear most types of armour.
You are very stealthy in the water. (Stealth+)
You are amphibious.
You can wear up to eight rings at the same time.
You can use your tentacles to constrict eight enemies at once.
Your skin changes colour to match your surroundings (Stealth+).
Your rubbery body absorbs attacks. (AC +1, EV +1)


Message History

Press: ? - help, Shift-Dir - straight line, f/p - Grinder
Aim: Grinder (lightly wounded)
The rocky blast misses Grinder.
Grinder misses you.
Casting: Sandblast
Confirm with . or Enter, or press ? or * to list all spells.
Aiming: Sandblast
Press: ? - help, Shift-Dir - straight line, f/p - Grinder
Aim: Grinder (lightly wounded)
The rocky blast hits Grinder.
Grinder is moderately wounded.
Grinder hits you!
* * * LOW HITPOINT WARNING * * *
You writhe in agony.
* * * LOW HITPOINT WARNING * * *
Unknown command.
Grinder gestures at you.
You suddenly lose the ability to move!
Grinder gestures at you. Pain shoots through your body!
You die...

#....## #.# ###.## #.# #.#
#.# #.# #.# #.# #.# #.# #.#
#.# #.# #.#######.#######
####.##.5.@.#......##
#.....#.####.####...#######
#.###.†.# #......#........
# #.#.#########...#######
#......# ##......#
.....#.##.# #.####.#
#.#.###.##.#######.# #.# #.
#..........[.# #.# #
#.##.#######.# #.#


You could see Grinder.

Vanquished Creatures
  An orc priest (D:3)
  2 orc wizards (D:3)
  Terence (D:2)
  3 adders
  2 oozes (D:3)
  4 worms
  A dart slug (D:2)
  5 leopard geckos
  15 orcs (D:3)
  3 giant cockroaches (D:2)
  14 goblins
  11 hobgoblins
  6 jackals (D:2)
  2 quokkas
  7 bats
  8 frilled lizards
  10 kobolds
  6 rats
101 creatures vanquished.

Notes
Turn   | Place    | Note
-------+----------+-------------------------------------------
     0 | D:1      | dvd the Octopode Venom Mage began the quest for the Orb.
     0 | D:1      | Reached XP level 1. HP: 11/11 MP: 3/3
   105 | D:1      | Reached skill level 5 in Poison Magic
   293 | D:1      | Reached XP level 2. HP: 17/17 MP: 1/5
   871 | D:2      | Found a radiant altar of Vehumet.
   876 | D:2      | Reached XP level 3. HP: 16/21 MP: 2/6
   907 | D:2      | Became a worshipper of Vehumet
  1304 | D:2      | Reached skill level 1 in Conjurations
  1304 | D:2      | Reached XP level 4. HP: 23/27 MP: 1/7
  1368 | D:2      | Learned a level 4 spell: Olgreb's Toxic Radiance
  1451 | D:2      | Noticed Terence
  1468 | D:2      | Killed Terence
  1888 | D:2      | Reached * piety under Vehumet
  1888 | D:2      | Offered knowledge of Sandblast by Vehumet.
  2306 | D:3      | Reached XP level 5. HP: 31/31 MP: 2/9
  2463 | D:3      | Found a bloodstained altar of Trog.
  2502 | D:3      | Found a sparkling altar of Nemelex Xobeh.
  2518 | D:3      | Reached skill level 1 in Polearms
  2595 | D:3      | Reached skill level 6 in Poison Magic
  2860 | D:3      | Noticed Grinder
  3227 | D:1      | Learned a level 1 spell: Sandblast
  3277 | D:3      | Reached ** piety under Vehumet
  3277 | D:3      | Offered knowledge of Flame Tongue by Vehumet.
  3281 | D:3      | Learned a level 1 spell: Flame Tongue
  3315 | D:3      | Reached XP level 6. HP: 37/37 MP: 10/10
  3750 | D:3      | Paralysed by Grinder for 3 turns
  3751 | D:3      | Killed from afar by Grinder

Skill      XL: |  1  2  3  4  5 |
---------------+----------------+-----
Poison Magic   | 5 6 |  6.4
Stealth        | 3 4 |  4.5
Conjurations   | 1 |  1.8
Polearms       | 1 |  1.0
Spellcasting   | 3 |  3.3
Fighting       | |  0.4
Dodging        | |  2.4

Action                   |  1- 3 |  4- 6 || total
-------------------------+-------+-------++-------
Melee: Dagger            |    11 |    28 ||    39
       Constrict         |     9 |    11 ||    20
       Tentacles         |     4 |     7 ||    11
       Spear             |    24 |    24 ||    48
Throw: Tomahawk          |     1 |     1 ||     2
 Cast: Sting             |    55 |    57 ||   112
       Olgreb's Toxic Ra |       |    13 ||    13
       Sandblast         |       |     6 ||     6
       Flame Tongue      |       |     3 ||     3
  Use: Scroll            |     4 |     3 ||     7
 Stab: Sleeping          |     6 |     7 ||    13
  Eat: Chunk             |     2 |    10 ||    12
Armor: Skin              |     3 |     4 ||     7
Dodge: Dodged            |    27 |    27 ||    54
